Predators vs Blackhawks
(R1)
Created - April 29, 2022 at 22:52
Goals
|
| Predators |
1 |
0 |
0 |
1 |
| Blackhawks |
1 |
1 |
1 |
3 |
|
Shots
|
| Predators |
16 |
18 |
4 |
38 |
| Blackhawks |
5 |
14 |
8 |
27 |
|
1st period
1. Predators , Mikael Granlund 33 (Alexander Ovechkin 34, Andy Miele 42) at 14:56
2. Blackhawks , Alexander Frolov 7 (Raphael Diaz 15, Blake Wheeler 12) at 19:10
Penalties :
Mikael Granlund (Nas) for Hooking (Minor) at 0:22, Jordan Staal (Chi) for Hooking (Minor) at 0:38, Blake Wheeler (Chi) for Holding (Minor) at 16:58
2nd period
3. Blackhawks , Jakob Silfverberg 23 (Radko Gudas 18, Johnny Gaudreau 44) at 13:29 (PP)
Penalties :
Ryan Kesler (Nas) for Tripping (Minor) at 12:33, Alexander Ovechkin (Nas) for Hooking (Minor) at 15:29, Raphael Diaz (Chi) for Hooking (Minor) at 16:25, Calvin de Haan (Chi) for Hooking (Minor) at 19:22
3rd period
4. Blackhawks , Derek Roy 17 (Corey Perry 16, Johnny Gaudreau 45) at 12:47
Penalties :
Radko Gudas (Chi) for Slashing (Minor) at 0:45, Johnny Gaudreau (Chi) for Holding (Minor) at 13:10
Goalie Stats
Jaroslav Halak (Nas), 24 saves from 27 shots - (0.889), L, 13-11-0, 60:00 minutes
Tuukka Rask (Chi), 37 saves from 38 shots - (0.974), W, 20-17-8, 60:00 minutes
Players Stats for Predators
Player Name G A P +/- PIM S H SB GA TA FO MP PP MP PK MP
------------------------------------------------------------------------------------
Alexander Edler 0 0 0 -1 0 4 0 1 3 1 0/0 27:02 5:47 1:23
Alexander Ovechkin 0 1 1 1 2 4 2 0 4 0 4/7 22:15 4:10 1:09
Andy Miele 0 1 1 1 0 3 0 2 0 0 8/23 20:12 3:28 0:30
Brad Boyes 0 0 0 -1 0 0 4 0 0 1 1/3 12:42 0:00 0:00
Brendan Gallagher 0 0 0 -1 0 5 3 0 3 0 0/2 17:21 4:22 0:03
Chris Higgins 0 0 0 0 0 3 0 0 0 0 0/0 8:22 0:00 0:03
Denis Grebeshkov 0 0 0 0 0 3 1 2 0 0 0/0 20:49 2:45 0:45
Jack Eichel 0 0 0 -1 0 2 1 0 0 0 3/6 11:36 0:42 0:39
Jaden Schwartz 0 0 0 -1 0 3 2 0 1 0 0/0 17:14 4:22 0:03
John Moore 0 0 0 0 0 2 4 0 2 0 0/0 20:49 2:45 0:45
Justin Abdelkader 0 0 0 -1 0 0 1 0 0 1 0/1 10:47 0:00 0:00
Justin Faulk 0 0 0 0 0 1 1 1 0 0 0/0 12:12 0:00 0:00
Mark Pysyk 0 0 0 0 0 0 1 0 0 0 0/0 8:23 0:00 0:00
Mikael Granlund 1 0 1 1 2 6 1 2 1 0 2/3 24:16 4:26 1:49
Nate Schmidt 0 0 0 0 0 0 0 0 0 0 0/0 11:44 0:00 0:00
Ryan Kesler 0 0 0 -1 2 1 1 0 1 0 4/9 14:34 4:06 0:00
Ryan Mcdonagh 0 0 0 -1 0 1 1 2 1 1 0/0 26:34 5:47 1:23
Scott Laughton 0 0 0 0 0 0 0 0 0 0 0/3 8:11 0:00 0:00
Players Stats for Blackhawks
Player Name G A P +/- PIM S H SB GA TA FO MP PP MP PK MP
------------------------------------------------------------------------------------
Alexander Frolov 1 0 1 0 0 3 1 2 0 1 0/0 14:31 0:00 1:52
Antoine Roussel 0 0 0 1 0 0 3 0 0 1 1/1 16:37 0:39 1:24
Blake Wheeler 0 1 1 0 2 0 1 0 1 0 0/0 14:29 0:00 0:12
Brett Maclean 0 0 0 0 0 0 0 0 0 1 2/2 6:02 0:00 0:00
Calvin de Haan 0 0 0 1 2 0 1 4 1 1 0/0 20:09 0:43 3:22
Colby Armstrong 0 0 0 0 0 1 1 0 0 0 0/1 5:58 0:00 0:00
Corey Perry 0 1 1 1 0 5 2 0 0 0 0/0 14:19 0:39 0:00
Derek Roy 1 0 1 1 0 3 0 1 0 0 9/15 15:30 0:39 1:02
Jakob Silfverberg 1 0 1 0 0 1 1 1 1 1 4/5 23:19 1:29 4:39
James Wright 0 0 0 0 0 3 2 1 0 0 3/5 14:26 0:00 2:28
Jamie McBain 0 0 0 0 0 2 1 2 0 3 0/0 28:55 1:25 5:11
Jay Bouwmeester 0 0 0 0 0 1 1 3 0 1 0/0 13:10 0:00 1:29
Johnny Gaudreau 0 2 2 0 2 5 1 2 1 1 7/9 24:45 1:29 3:38
Jordan Staal 0 0 0 0 2 2 2 1 0 2 9/19 16:44 1:28 1:12
Matthew Spiller 0 0 0 0 0 0 0 0 0 1 0/0 5:14 0:00 0:36
Radko Gudas 0 1 1 0 2 1 2 3 0 3 0/0 25:18 1:25 3:52
Raphael Diaz 0 1 1 1 2 0 0 0 0 0 0/0 18:15 0:42 2:34
Shane O'Brien 0 0 0 0 0 0 0 1 0 0 0/0 10:19 0:00 0:00
3 Stars
1 - Tuukka Rask (Chi)
2 - Derek Roy (Chi)
3 - Alexander Frolov (Chi)
Power Play
Predators - 0 on 6 Attempt(s) - 0.00%
Blackhawks - 1 on 3 Attempt(s) - 33.33%
Penalty Kill
Predators - 2 on 3 Attempt(s) - 66.67%
- Score 0 goal in Penalty Kill
Blackhawks - 6 on 6 Attempt(s) - 100.00%
- Score 0 goal in Penalty Kill
Team Stat
Predators - Hits : 23 - Faceoff Wins : 22 - Blocked Shots : 10 - Penalty Minutes : 6
Blackhawks - Hits : 19 - Faceoff Wins : 35 - Blocked Shots : 21 - Penalty Minutes : 12
Official
Referees : Kendrick Nicholson and Jacob Brenk
Linesman : Mark Shewchyk and Kyle Flemington
Game Notes
No Game Note
Finance
Level 1 -- Attendance: 6000 (100.00%) -- Ticket Income $600,000
Level 2 -- Attendance: 5000 (100.00%) -- Ticket Income $300,000
Level 3 -- Attendance: 1819 (90.95%) -- Ticket Income $63,665
Level 4 -- Attendance: 3940 (98.50%) -- Ticket Income $98,500
Luxury Box -- Attendance: 932 (93.20%) -- Ticket Income $186,400
Game was played at the United Center.
Total Attendance: 17691 (98.28%)
Total Ticket Income: $1,248,565
Other Income: $187,285
Total Income: $1,435,850
Predators
5 vs 5 Forward
Center Left Wing Right Wing Time % Phy DF OF
1 Andy Miele Alexander Ovechkin Mikael Granlund 40 1 2 2
2 Ryan Kesler Jaden Schwartz Brendan Gallagher 30 1 2 2
3 Jack Eichel Justin Abdelkader Brad Boyes 20 1 2 2
4 Scott Laughton Chris Higgins Mark Pysyk 10 1 2 2
5 vs 5 Defense
Defense Defense Time % Phy DF OF
1 Ryan Mcdonagh Alexander Edler 40 1 2 2
2 John Moore Denis Grebeshkov 30 1 2 2
3 Justin Faulk Nate Schmidt 20 1 2 2
4 Ryan Mcdonagh Alexander Edler 10 1 2 2
PowerPlay Forward
Center Left Wing Right Wing Time % Phy DF OF
1 Andy Miele Alexander Ovechkin Mikael Granlund 60 1 2 2
2 Ryan Kesler Jaden Schwartz Brendan Gallagher 40 1 2 2
PowerPlay Defense
Defense Defense Time % Phy DF OF
1 Ryan Mcdonagh Alexander Edler 60 1 2 2
2 John Moore Denis Grebeshkov 40 1 2 2
Penalty Kill 4 Players Forward
Center Wing Time % Phy DF OF
1 Alexander Ovechkin Mikael Granlund 60 1 2 2
2 Brendan Gallagher Jaden Schwartz 40 1 2 2
Penalty Kill 4 Players Defense
Defense Defense Time % Phy DF OF
1 Ryan Mcdonagh Alexander Edler 60 1 2 2
2 John Moore Denis Grebeshkov 40 1 2 2
Penalty Kill - 3 Players Forward
Forward Time % Phy DF OF
1 Alexander Ovechkin 60 1 2 2
2 Mikael Granlund 40 1 2 2
Penalty Kill - 3 Players Defense
Defense Defense Time % Phy DF OF
1 Ryan Mcdonagh Alexander Edler 60 1 2 2
2 John Moore Denis Grebeshkov 40 1 2 2
4 vs 4 Forward
Center Wing Time % Phy DF OF
1 Alexander Ovechkin Mikael Granlund 60 1 2 2
2 Brendan Gallagher Jaden Schwartz 40 1 2 2
4 vs 4 Defense
Defense Defense Time % Phy DF OF
1 Ryan Mcdonagh Alexander Edler 60 1 2 2
2 John Moore Denis Grebeshkov 40 1 2 2
Last Minutes Offensive
Center Left Wing Right Wing Defense Defense
Andy Miele Alexander Ovechkin Mikael Granlund Ryan Mcdonagh Alexander Edler
Last Minutes Defensive
Center Left Wing Right Wing Defense Defense
Andy Miele Alexander Ovechkin Mikael Granlund Ryan Mcdonagh Alexander Edler
Goaltenders
Starting : Jaroslav Halak
Backup : Kari Lehtonen
Extra Forwards
Normal : Brad Boyes, Justin Abdelkader, Jack Eichel - PP : Brad Boyes, Justin Abdelkader - PK : Jack Eichel
Extra Defensemen
Normal : Justin Faulk, Nate Schmidt, John Moore - PP : Justin Faulk - PK : Nate Schmidt, John Moore
Penalty Shots
Alexander Ovechkin, Mikael Granlund, Brendan Gallagher, Jaden Schwartz, Brad Boyes
Scratches
Mike Brown (Healthy)
Blackhawks
5 vs 5 Forward
Center Left Wing Right Wing Time % Phy DF OF
1 Jordan Staal Johnny Gaudreau Jakob Silfverberg 40 1 2 2
2 Derek Roy Antoine Roussel Corey Perry 30 1 2 2
3 James Wright Alexander Frolov Blake Wheeler 20 1 2 2
4 Johnny Gaudreau Brett Maclean Colby Armstrong 10 1 2 2
5 vs 5 Defense
Defense Defense Time % Phy DF OF
1 Jamie McBain Radko Gudas 40 1 2 2
2 Raphael Diaz Calvin de Haan 30 1 2 2
3 Shane O'Brien Jay Bouwmeester 20 1 2 2
4 Matthew Spiller Jamie McBain 10 1 2 2
PowerPlay Forward
Center Left Wing Right Wing Time % Phy DF OF
1 Jordan Staal Johnny Gaudreau Jakob Silfverberg 60 1 2 2
2 Derek Roy Antoine Roussel Corey Perry 40 1 2 2
PowerPlay Defense
Defense Defense Time % Phy DF OF
1 Jamie McBain Radko Gudas 60 1 2 2
2 Raphael Diaz Calvin de Haan 40 1 2 2
Penalty Kill 4 Players Forward
Center Wing Time % Phy DF OF
1 Johnny Gaudreau Jakob Silfverberg 60 1 2 2
2 Antoine Roussel Jordan Staal 40 1 2 2
Penalty Kill 4 Players Defense
Defense Defense Time % Phy DF OF
1 Jamie McBain Radko Gudas 60 1 2 2
2 Raphael Diaz Calvin de Haan 40 1 2 2
Penalty Kill - 3 Players Forward
Forward Time % Phy DF OF
1 Johnny Gaudreau 60 1 2 2
2 Jakob Silfverberg 40 1 2 2
Penalty Kill - 3 Players Defense
Defense Defense Time % Phy DF OF
1 Jamie McBain Radko Gudas 60 1 2 2
2 Raphael Diaz Calvin de Haan 40 1 2 2
4 vs 4 Forward
Center Wing Time % Phy DF OF
1 Johnny Gaudreau Jakob Silfverberg 60 1 2 2
2 Antoine Roussel Jordan Staal 40 1 2 2
4 vs 4 Defense
Defense Defense Time % Phy DF OF
1 Jamie McBain Radko Gudas 60 1 2 2
2 Raphael Diaz Calvin de Haan 40 1 2 2
Last Minutes Offensive
Center Left Wing Right Wing Defense Defense
Jordan Staal Johnny Gaudreau Jakob Silfverberg Jamie McBain Radko Gudas
Last Minutes Defensive
Center Left Wing Right Wing Defense Defense
Jordan Staal Johnny Gaudreau Jakob Silfverberg Jamie McBain Radko Gudas
Goaltenders
Starting : Tuukka Rask
Backup : Josh Harding
Extra Forwards
Normal : Blake Wheeler, Alexander Frolov, James Wright - PP : Blake Wheeler, Alexander Frolov - PK : James Wright
Extra Defensemen
Normal : Shane O'Brien, Jay Bouwmeester, Matthew Spiller - PP : Shane O'Brien - PK : Jay Bouwmeester, Matthew Spiller
Penalty Shots
Johnny Gaudreau, Jakob Silfverberg, Antoine Roussel, Jordan Staal, Corey Perry
Scratches
Frederik Gauthier (Healthy), Mike Amadio (Healthy), Nick Bonino (Healthy)
% Time on Ice - Predators
Lines # - Real PCT - Wanted PCT - Time Play
Normal Forward
1 - 34% - 40% - 16:01
2 - 26% - 30% - 12:06
3 - 22% - 20% - 10:16
4 - 18% - 10% - 8:11
Normal Defense
1 - 38% - 40% - 17:45
2 - 35% - 30% - 16:25
3 - 24% - 20% - 11:15
4 - 2% - 10% - 1:09
PP Forward
1 - 49% - 60% - 4:10
2 - 51% - 40% - 4:22
PP Defense
1 - 68% - 60% - 5:47
2 - 32% - 40% - 2:45
PK Forward
1 - 98% - 60% - 2:05
2 - 2% - 40% - 0:03
PK Defense
1 - 65% - 60% - 1:23
2 - 35% - 40% - 0:45
PK3 Forward
1 - 0% - 60%
2 - 0% - 40%
PK3 Defense
1 - 0% - 60%
2 - 0% - 40%
44 Forward
1 - 74% - 60% - 2:03
2 - 26% - 40% - 0:43
44 Defense
1 - 67% - 60% - 1:52
2 - 33% - 40% - 0:54
Last Minute Offensive - 0:00
Last Minute Defensive - 0:00
Total
Forward - 60:00
Defense - 60:00
|
% Time on Ice - Blackhawks
Lines # - Real PCT - Wanted PCT - Time Play
Normal Forward
1 - 34% - 40% - 15:55
2 - 29% - 30% - 13:33
3 - 25% - 20% - 11:34
4 - 12% - 10% - 5:32
Normal Defense
1 - 38% - 40% - 17:44
2 - 33% - 30% - 15:15
3 - 22% - 20% - 10:19
4 - 7% - 10% - 3:16
PP Forward
1 - 70% - 60% - 1:29
2 - 30% - 40% - 0:39
PP Defense
1 - 66% - 60% - 1:25
2 - 34% - 40% - 0:43
PK Forward
1 - 82% - 60% - 6:32
2 - 18% - 40% - 1:24
PK Defense
1 - 58% - 60% - 4:35
2 - 42% - 40% - 3:21
PK3 Forward
1 - 100% - 60% - 0:36
2 - 0% - 40% - 0:00
PK3 Defense
1 - 100% - 60% - 0:36
2 - 0% - 40% - 0:00
44 Forward
1 - 70% - 60% - 1:56
2 - 30% - 40% - 0:50
44 Defense
1 - 83% - 60% - 2:17
2 - 17% - 40% - 0:29
Last Minute Offensive - 0:00
Last Minute Defensive - 0:00
Total
Forward - 60:00
Defense - 60:00
|
Play-by-Play
1st period
0:01 of 1st period - Jordan Staal wins face-off versus Andy Miele in neutral zone.
0:22 of 1st period - Minor Penalty to Mikael Granlund for Hooking.
0:23 of 1st period - Alexander Ovechkin wins face-off versus Jordan Staal in Predators zone.
0:32 of 1st period - Alexander Ovechkin is hit by Radko Gudas.
0:38 of 1st period - Minor Penalty to Jordan Staal for Hooking.
0:39 of 1st period - Johnny Gaudreau wins face-off versus Alexander Ovechkin in Blackhawks zone.
0:52 of 1st period - Snap shot by Alexander Ovechkin.
0:52 of 1st period - Stopped by Tuukka Rask without a rebound.
0:53 of 1st period - Antoine Roussel wins face-off versus Brendan Gallagher in Blackhawks zone.
1:12 of 1st period - Brendan Gallagher is hit by Blake Wheeler and loses puck.
1:37 of 1st period - Slapshot by Johnny Gaudreau.
1:37 of 1st period - Stopped by Jaroslav Halak without a rebound.
1:38 of 1st period - Alexander Ovechkin wins face-off versus Johnny Gaudreau in Predators zone.
1:55 of 1st period - Jakob Silfverberg is hit by Brad Boyes and loses puck.
2:22 of 1st period - Penalty to Mikael Granlund is over, Mikael Granlund is back on ice.
2:30 of 1st period - Snap shot by Mikael Granlund.
2:30 of 1st period - Stopped by Tuukka Rask with a rebound.
2:38 of 1st period - Penalty to Jordan Staal is over, Jordan Staal is back on ice.
2:48 of 1st period - Snap shot by Mikael Granlund.
2:48 of 1st period - Shot Misses the Net.
3:26 of 1st period - Snap shot by Johnny Gaudreau.
3:26 of 1st period - Deflect By Jordan Staal.
3:26 of 1st period - Stopped by Jaroslav Halak with a rebound.
3:46 of 1st period - Slapshot by Ryan Mcdonagh.
3:46 of 1st period - Shot Misses the Net.
4:06 of 1st period - Wrist shot by Jaden Schwartz.
4:06 of 1st period - Stopped by Tuukka Rask with a rebound.
4:08 of 1st period - Snap shot by Alexander Edler.
4:08 of 1st period - Shot Blocked by Calvin de Haan.
4:10 of 1st period - Snap shot by Jaden Schwartz.
4:10 of 1st period - Shot Misses the Net.
4:12 of 1st period - Slapshot by Mikael Granlund.
4:12 of 1st period - Shot Misses the Net.
4:14 of 1st period - Slapshot by Alexander Edler.
4:14 of 1st period - Stopped by Tuukka Rask without a rebound.
4:15 of 1st period - Derek Roy wins face-off versus Jack Eichel in Blackhawks zone.
4:15 of 1st period - Derek Roy is hit by Justin Abdelkader.
4:51 of 1st period - Snap shot by Radko Gudas.
4:51 of 1st period - Stopped by Jaroslav Halak with a rebound.
4:59 of 1st period - Jamie McBain is hit by Justin Faulk and loses puck.
5:04 of 1st period - Slapshot by Chris Higgins.
5:04 of 1st period - Stopped by Tuukka Rask with a rebound.
5:06 of 1st period - Snap shot by Scott Laughton.
5:06 of 1st period - Shot Misses the Net.
5:35 of 1st period - Backhand shot by Chris Higgins.
5:35 of 1st period - Stopped by Tuukka Rask without a rebound.
5:36 of 1st period - Jack Eichel wins face-off versus Derek Roy in Blackhawks zone.
6:02 of 1st period - Off-side.
6:03 of 1st period - Brett Maclean wins face-off versus Andy Miele in neutral zone.
6:06 of 1st period - Slapshot by Raphael Diaz.
6:06 of 1st period - Shot Misses the Net.
6:08 of 1st period - Snap shot by Calvin de Haan.
6:08 of 1st period - Deflect By Brett Maclean.
6:08 of 1st period - Shot Misses the Net.
6:08 of 1st period - Puck is out of play.
6:09 of 1st period - Brett Maclean wins face-off versus Andy Miele in Predators zone.
6:12 of 1st period - Wrist shot by Colby Armstrong.
6:12 of 1st period - Shot Blocked by Andy Miele.
6:14 of 1st period - Wrist shot by Brett Maclean.
6:14 of 1st period - Shot Blocked by Justin Faulk.
6:16 of 1st period - Snap shot by Calvin de Haan.
6:16 of 1st period - Deflect By Colby Armstrong.
6:16 of 1st period - Shot Misses the Net.
6:16 of 1st period - Puck is out of play.
6:17 of 1st period - Andy Miele wins face-off versus Derek Roy in Predators zone.
6:43 of 1st period - John Moore is hit by Jay Bouwmeester and loses puck.
6:54 of 1st period - Snap shot by Justin Abdelkader.
6:54 of 1st period - Shot Misses the Net.
7:06 of 1st period - Slapshot by Alexander Edler.
7:06 of 1st period - Stopped by Tuukka Rask without a rebound.
7:07 of 1st period - Ryan Kesler wins face-off versus James Wright in Blackhawks zone.
7:12 of 1st period - Wrist shot by Brendan Gallagher.
7:12 of 1st period - Stopped by Tuukka Rask without a rebound.
7:13 of 1st period - Derek Roy wins face-off versus Ryan Kesler in Blackhawks zone.
7:18 of 1st period - Slapshot by Jamie McBain.
7:18 of 1st period - Stopped by Jaroslav Halak with a rebound.
7:41 of 1st period - Jordan Staal is hit by Jaden Schwartz and loses puck.
7:48 of 1st period - Snap shot by Jaden Schwartz.
7:48 of 1st period - Shot Misses the Net.
7:50 of 1st period - Snap shot by Ryan Kesler.
7:50 of 1st period - Shot Misses the Net.
7:58 of 1st period - Slapshot by Jaden Schwartz.
7:58 of 1st period - Shot Misses the Net.
8:24 of 1st period - Slapshot by Ryan Kesler.
8:24 of 1st period - Shot Blocked by Radko Gudas.
8:44 of 1st period - Wrist shot by Jaden Schwartz.
8:44 of 1st period - Shot Misses the Net.
8:46 of 1st period - Slapshot by Nate Schmidt.
8:46 of 1st period - Deflect By Jaden Schwartz.
8:46 of 1st period - Stopped by Tuukka Rask with a rebound.
8:48 of 1st period - Snap shot by Brendan Gallagher.
8:48 of 1st period - Deflect By Jaden Schwartz.
8:48 of 1st period - Shot Misses the Net.
8:48 of 1st period - Puck is out of play.
8:49 of 1st period - Derek Roy wins face-off versus Andy Miele in Blackhawks zone.
8:49 of 1st period - Derek Roy is hit by Ryan Mcdonagh.
9:03 of 1st period - Wrist shot by Mikael Granlund.
9:03 of 1st period - Stopped by Tuukka Rask without a rebound.
9:04 of 1st period - Mikael Granlund wins face-off versus James Wright in Blackhawks zone.
9:09 of 1st period - Wrist shot by Alexander Ovechkin.
9:09 of 1st period - Shot Misses the Net.
9:38 of 1st period - Ryan Mcdonagh is hit by Antoine Roussel and loses puck.
10:38 of 1st period - Justin Abdelkader is hit by Antoine Roussel and loses puck.
10:59 of 1st period - John Moore is hit by Jordan Staal and loses puck.
11:12 of 1st period - Blake Wheeler is hit by John Moore and loses puck.
11:37 of 1st period - Snap shot by Brett Maclean.
11:37 of 1st period - Shot Misses the Net.
11:49 of 1st period - Wrist shot by Jaden Schwartz.
11:49 of 1st period - Shot Misses the Net.
11:51 of 1st period - Slapshot by Alexander Edler.
11:51 of 1st period - Stopped by Tuukka Rask without a rebound.
11:52 of 1st period - Derek Roy wins face-off versus Ryan Kesler in Blackhawks zone.
11:52 of 1st period - Derek Roy is hit by Denis Grebeshkov.
12:18 of 1st period - Alexander Edler is hit by Jamie McBain and loses puck.
12:27 of 1st period - Jamie McBain is hit by Alexander Ovechkin and loses puck.
13:28 of 1st period - Snap shot by Scott Laughton.
13:28 of 1st period - Shot Misses the Net.
13:30 of 1st period - Slapshot by Denis Grebeshkov.
13:30 of 1st period - Shot Blocked by James Wright.
14:00 of 1st period - Slapshot by John Moore.
14:00 of 1st period - Stopped by Tuukka Rask with a rebound.
14:02 of 1st period - Slapshot by John Moore.
14:02 of 1st period - Shot Blocked by Shane O'Brien.
14:04 of 1st period - Slapshot by Denis Grebeshkov.
14:04 of 1st period - Shot Hit the Post.
14:06 of 1st period - Slapshot by Jack Eichel.
14:06 of 1st period - Shot Misses the Net.
14:08 of 1st period - Snap shot by Jack Eichel.
14:08 of 1st period - Stopped by Tuukka Rask with a rebound.
14:10 of 1st period - Slapshot by Denis Grebeshkov.
14:10 of 1st period - Stopped by Tuukka Rask without a rebound.
14:11 of 1st period - Derek Roy wins face-off versus Andy Miele in Blackhawks zone.
14:15 of 1st period - Off-side.
14:16 of 1st period - Derek Roy wins face-off versus Andy Miele in neutral zone.
14:43 of 1st period - Andy Miele is hit by James Wright and loses puck.
14:52 of 1st period - Wrist shot by Andy Miele.
14:52 of 1st period - Stopped by Tuukka Rask with a rebound.
14:54 of 1st period - Snap shot by Alexander Ovechkin.
14:54 of 1st period - Shot Blocked by Jamie McBain.
14:56 of 1st period - Snap shot by Mikael Granlund.
14:56 of 1st period - Goal by Mikael Granlund - Predators : 1 - Blackhawks : 0.
14:57 of 1st period - Jack Eichel wins face-off versus Jordan Staal in neutral zone.
14:59 of 1st period - Ryan Mcdonagh is hit by Jakob Silfverberg and loses puck.
15:46 of 1st period - Raphael Diaz is hit by Ryan Kesler and loses puck.
16:11 of 1st period - Scott Laughton is hit by Colby Armstrong and loses puck.
16:58 of 1st period - Minor Penalty to Blake Wheeler for Holding.
16:59 of 1st period - Johnny Gaudreau wins face-off versus Andy Miele in Blackhawks zone.
17:32 of 1st period - Wrist shot by Jaden Schwartz.
17:32 of 1st period - Shot Misses the Net.
17:34 of 1st period - Slapshot by Ryan Mcdonagh.
17:34 of 1st period - Shot Blocked by Jakob Silfverberg.
17:36 of 1st period - Slapshot by Alexander Edler.
17:36 of 1st period - Shot Misses the Net.
17:38 of 1st period - Snap shot by Ryan Kesler.
17:38 of 1st period - Shot Misses the Net.
18:04 of 1st period - Slapshot by Calvin de Haan.
18:04 of 1st period - Shot Blocked by Denis Grebeshkov.
18:06 of 1st period - Slapshot by Alexander Frolov.
18:06 of 1st period - Deflect By James Wright.
18:06 of 1st period - Shot Misses the Net.
18:06 of 1st period - Puck is out of play.
18:07 of 1st period - Jakob Silfverberg wins face-off versus Ryan Kesler in Predators zone.
18:58 of 1st period - Penalty to Blake Wheeler is over, Blake Wheeler is back on ice.
18:58 of 1st period - Calvin de Haan is hit by Mikael Granlund.
19:10 of 1st period - Wrist shot by Alexander Frolov.
19:10 of 1st period - Goal by Alexander Frolov - Predators : 1 - Blackhawks : 1.
19:11 of 1st period - Jordan Staal wins face-off versus Andy Miele in neutral zone.
Goals for this period are 1 for Predators vs 1 for Blackhawks.
Shots for this period are 16 for Predators vs 5 for Blackhawks.
2nd period
0:01 of 2nd period - Jordan Staal wins face-off versus Andy Miele in neutral zone.
0:26 of 2nd period - Alexander Edler is hit by Radko Gudas and loses puck.
0:33 of 2nd period - Snap shot by Corey Perry.
0:33 of 2nd period - Stopped by Jaroslav Halak with a rebound.
0:35 of 2nd period - Snap shot by Jamie McBain.
0:35 of 2nd period - Deflect By Derek Roy.
0:35 of 2nd period - Stopped by Jaroslav Halak with a rebound.
1:20 of 2nd period - Snap shot by Andy Miele.
1:20 of 2nd period - Stopped by Tuukka Rask with a rebound.
1:38 of 2nd period - Snap shot by Denis Grebeshkov.
1:38 of 2nd period - Stopped by Tuukka Rask with a rebound.
1:40 of 2nd period - Slapshot by John Moore.
1:40 of 2nd period - Deflect By Chris Higgins.
1:40 of 2nd period - Shot Misses the Net.
1:40 of 2nd period - Puck is out of play.
1:41 of 2nd period - James Wright wins face-off versus Andy Miele in Blackhawks zone.
1:41 of 2nd period - James Wright is hit by Alexander Ovechkin.
1:49 of 2nd period - Backhand shot by Alexander Frolov.
1:49 of 2nd period - Stopped by Jaroslav Halak without a rebound.
1:50 of 2nd period - James Wright wins face-off versus Andy Miele in Predators zone.
1:51 of 2nd period - Snap shot by Alexander Frolov.
1:51 of 2nd period - Stopped by Jaroslav Halak with a rebound.
2:07 of 2nd period - Slapshot by Mikael Granlund.
2:07 of 2nd period - Stopped by Tuukka Rask with a rebound.
2:09 of 2nd period - Slapshot by Mikael Granlund.
2:09 of 2nd period - Stopped by Tuukka Rask with a rebound.
2:11 of 2nd period - Slapshot by Nate Schmidt.
2:11 of 2nd period - Shot Blocked by Alexander Frolov.
2:37 of 2nd period - Wrist shot by Andy Miele.
2:37 of 2nd period - Shot Misses the Net.
2:49 of 2nd period - Slapshot by James Wright.
2:49 of 2nd period - Stopped by Jaroslav Halak with a rebound.
3:17 of 2nd period - Wrist shot by Alexander Ovechkin.
3:17 of 2nd period - Shot Misses the Net.
3:41 of 2nd period - Snap shot by Mikael Granlund.
3:41 of 2nd period - Stopped by Tuukka Rask with a rebound.
4:11 of 2nd period - Slapshot by Alexander Ovechkin.
4:11 of 2nd period - Stopped by Tuukka Rask with a rebound.
4:13 of 2nd period - Snap shot by Alexander Ovechkin.
4:13 of 2nd period - Stopped by Tuukka Rask with a rebound.
4:15 of 2nd period - Snap shot by Mikael Granlund.
4:15 of 2nd period - Shot Misses the Net.
4:27 of 2nd period - Snap shot by Mikael Granlund.
4:27 of 2nd period - Deflect By Andy Miele.
4:27 of 2nd period - Stopped by Tuukka Rask with a rebound.
4:29 of 2nd period - Slapshot by Justin Faulk.
4:29 of 2nd period - Shot Blocked by Radko Gudas.
5:18 of 2nd period - Snap shot by Andy Miele.
5:18 of 2nd period - Shot Hit the Post.
5:20 of 2nd period - Snap shot by Andy Miele.
5:20 of 2nd period - Shot Blocked by Alexander Frolov.
5:22 of 2nd period - Slapshot by Justin Faulk.
5:22 of 2nd period - Stopped by Tuukka Rask without a rebound.
5:23 of 2nd period - Ryan Kesler wins face-off versus Jordan Staal in Blackhawks zone.
6:11 of 2nd period - Snap shot by Brett Maclean.
6:11 of 2nd period - Shot Misses the Net.
6:13 of 2nd period - Snap shot by Colby Armstrong.
6:13 of 2nd period - Stopped by Jaroslav Halak without a rebound.
6:14 of 2nd period - Ryan Kesler wins face-off versus Colby Armstrong in Predators zone.
6:14 of 2nd period - Ryan Kesler is hit by Johnny Gaudreau.
6:28 of 2nd period - Snap shot by Brendan Gallagher.
6:28 of 2nd period - Stopped by Tuukka Rask with a rebound.
6:42 of 2nd period - Snap shot by Derek Roy.
6:42 of 2nd period - Stopped by Jaroslav Halak with a rebound.
7:40 of 2nd period - Slapshot by Jaden Schwartz.
7:40 of 2nd period - Shot Blocked by Jordan Staal.
9:32 of 2nd period - Icing by Chris Higgins.
9:33 of 2nd period - Johnny Gaudreau wins face-off versus Scott Laughton in Predators zone.
10:08 of 2nd period - Johnny Gaudreau is hit by Jack Eichel and loses puck.
11:35 of 2nd period - Icing by Jack Eichel.
11:36 of 2nd period - Jordan Staal wins face-off versus Ryan Kesler in Predators zone.
12:23 of 2nd period - Wrist shot by Johnny Gaudreau.
12:23 of 2nd period - Stopped by Jaroslav Halak with a rebound.
12:33 of 2nd period - Minor Penalty to Ryan Kesler for Tripping.
12:34 of 2nd period - Jordan Staal wins face-off versus Alexander Ovechkin in Predators zone.
12:45 of 2nd period - Snap shot by Johnny Gaudreau.
12:45 of 2nd period - Shot Blocked by Ryan Mcdonagh.
12:49 of 2nd period - Snap shot by Jordan Staal.
12:49 of 2nd period - Shot Misses the Net.
13:05 of 2nd period - Snap shot by Corey Perry.
13:05 of 2nd period - Shot Blocked by Alexander Edler.
13:07 of 2nd period - Slapshot by Raphael Diaz.
13:07 of 2nd period - Shot Blocked by Mikael Granlund.
13:09 of 2nd period - Slapshot by Calvin de Haan.
13:09 of 2nd period - Deflect By Corey Perry.
13:09 of 2nd period - Stopped by Jaroslav Halak without a rebound.
13:10 of 2nd period - Jordan Staal wins face-off versus Alexander Ovechkin in Predators zone.
13:15 of 2nd period - Wrist shot by Jakob Silfverberg.
13:15 of 2nd period - Deflect By Johnny Gaudreau.
13:15 of 2nd period - Shot Misses the Net.
13:15 of 2nd period - Puck is out of play.
13:16 of 2nd period - Alexander Ovechkin wins face-off versus Jordan Staal in Predators zone.
13:29 of 2nd period - Snap shot by Jakob Silfverberg.
13:29 of 2nd period - Deflect By Alexander Ovechkin.
13:29 of 2nd period - Goal by Jakob Silfverberg - Predators : 1 - Blackhawks : 2.
13:30 of 2nd period - Mikael Granlund wins face-off versus Jordan Staal in neutral zone.
13:33 of 2nd period - Wrist shot by Ryan Mcdonagh.
13:33 of 2nd period - Stopped by Tuukka Rask with a rebound.
13:45 of 2nd period - Snap shot by Jordan Staal.
13:45 of 2nd period - Stopped by Jaroslav Halak with a rebound.
13:57 of 2nd period - Antoine Roussel is hit by Brendan Gallagher and loses puck.
14:02 of 2nd period - Snap shot by Brendan Gallagher.
14:02 of 2nd period - Shot Misses the Net.
14:04 of 2nd period - Snap shot by Brendan Gallagher.
14:04 of 2nd period - Stopped by Tuukka Rask with a rebound.
14:06 of 2nd period - Wrist shot by Jaden Schwartz.
14:06 of 2nd period - Shot Blocked by Radko Gudas.
14:08 of 2nd period - Snap shot by Brendan Gallagher.
14:08 of 2nd period - Stopped by Tuukka Rask without a rebound.
14:09 of 2nd period - Jakob Silfverberg wins face-off versus Jack Eichel in Blackhawks zone.
14:09 of 2nd period - Jakob Silfverberg is hit by Brad Boyes.
14:21 of 2nd period - Snap shot by Johnny Gaudreau.
14:21 of 2nd period - Stopped by Jaroslav Halak with a rebound.
15:00 of 2nd period - Snap shot by Jaden Schwartz.
15:00 of 2nd period - Stopped by Tuukka Rask without a rebound.
15:01 of 2nd period - James Wright wins face-off versus Brendan Gallagher in Blackhawks zone.
15:01 of 2nd period - James Wright is hit by Brendan Gallagher.
15:18 of 2nd period - Off-side.
15:19 of 2nd period - Jordan Staal wins face-off versus Andy Miele in neutral zone.
15:26 of 2nd period - Snap shot by Jakob Silfverberg.
15:26 of 2nd period - Deflect By Johnny Gaudreau.
15:26 of 2nd period - Shot Misses the Net.
15:26 of 2nd period - Puck is out of play.
15:27 of 2nd period - Andy Miele wins face-off versus Jordan Staal in Predators zone.
15:29 of 2nd period - Minor Penalty to Alexander Ovechkin for Hooking.
15:30 of 2nd period - Jordan Staal wins face-off versus Jack Eichel in Predators zone.
16:07 of 2nd period - Backhand shot by Calvin de Haan.
16:07 of 2nd period - Shot Blocked by Mikael Granlund.
16:25 of 2nd period - Minor Penalty to Raphael Diaz for Hooking.
16:26 of 2nd period - Jakob Silfverberg wins face-off versus Brad Boyes in Blackhawks zone.
16:37 of 2nd period - Snap shot by Johnny Gaudreau.
16:37 of 2nd period - Stopped by Jaroslav Halak without a rebound.
16:38 of 2nd period - Johnny Gaudreau wins face-off versus Brad Boyes in Predators zone.
16:41 of 2nd period - Snap shot by Jakob Silfverberg.
16:41 of 2nd period - Deflect By Johnny Gaudreau.
16:41 of 2nd period - Stopped by Jaroslav Halak with a rebound.
16:54 of 2nd period - Off-side.
16:55 of 2nd period - Johnny Gaudreau wins face-off versus Justin Abdelkader in neutral zone.
17:06 of 2nd period - Wrist shot by Johnny Gaudreau.
17:06 of 2nd period - Shot Blocked by Ryan Mcdonagh.
17:08 of 2nd period - Wrist shot by Radko Gudas.
17:08 of 2nd period - Shot Misses the Net.
17:29 of 2nd period - Penalty to Alexander Ovechkin is over, Alexander Ovechkin is back on ice.
17:56 of 2nd period - Snap shot by Jack Eichel.
17:56 of 2nd period - Stopped by Tuukka Rask with a rebound.
18:14 of 2nd period - Wrist shot by Brendan Gallagher.
18:14 of 2nd period - Stopped by Tuukka Rask with a rebound.
18:16 of 2nd period - Slapshot by Ryan Mcdonagh.
18:16 of 2nd period - Shot Blocked by Calvin de Haan.
18:18 of 2nd period - Backhand shot by Alexander Edler.
18:18 of 2nd period - Shot Blocked by Calvin de Haan.
18:20 of 2nd period - Slapshot by Alexander Edler.
18:20 of 2nd period - Stopped by Tuukka Rask with a rebound.
18:24 of 2nd period - Slapshot by Ryan Kesler.
18:24 of 2nd period - Shot Blocked by Calvin de Haan.
18:25 of 2nd period - Penalty to Raphael Diaz is over, Raphael Diaz is back on ice.
18:26 of 2nd period - Snap shot by Ryan Kesler.
18:26 of 2nd period - Shot Blocked by Jay Bouwmeester.
18:40 of 2nd period - Slapshot by Scott Laughton.
18:40 of 2nd period - Shot Blocked by Johnny Gaudreau.
18:42 of 2nd period - Slapshot by John Moore.
18:42 of 2nd period - Shot Blocked by Jay Bouwmeester.
19:12 of 2nd period - Slapshot by John Moore.
19:12 of 2nd period - Stopped by Tuukka Rask with a rebound.
19:22 of 2nd period - Minor Penalty to Calvin de Haan for Hooking.
19:23 of 2nd period - Jakob Silfverberg wins face-off versus Andy Miele in Blackhawks zone.
19:32 of 2nd period - Jamie McBain is hit by John Moore and loses puck.
19:56 of 2nd period - Alexander Frolov is hit by Brendan Gallagher and loses puck.
Goals for this period are 0 for Predators vs 1 for Blackhawks.
Shots for this period are 18 for Predators vs 14 for Blackhawks.
3rd period
0:01 of 3rd period - Johnny Gaudreau wins face-off versus Andy Miele in neutral zone.
0:04 of 3rd period - Snap shot by Jakob Silfverberg.
0:04 of 3rd period - Deflect By Johnny Gaudreau.
0:04 of 3rd period - Deflect By Ryan Mcdonagh.
0:04 of 3rd period - Shot Misses the Net.
0:04 of 3rd period - Puck is out of play.
0:05 of 3rd period - Andy Miele wins face-off versus Johnny Gaudreau in Predators zone.
0:45 of 3rd period - Minor Penalty to Radko Gudas for Slashing.
0:46 of 3rd period - Johnny Gaudreau wins face-off versus Ryan Kesler in Blackhawks zone.
1:22 of 3rd period - Penalty to Calvin de Haan is over, Calvin de Haan is back on ice.
1:38 of 3rd period - Calvin de Haan is hit by Jaden Schwartz and loses puck.
2:45 of 3rd period - Penalty to Radko Gudas is over, Radko Gudas is back on ice.
2:45 of 3rd period - Wrist shot by Jaden Schwartz.
2:45 of 3rd period - Shot Misses the Net.
3:23 of 3rd period - Wrist shot by Jakob Silfverberg.
3:23 of 3rd period - Shot Misses the Net.
3:31 of 3rd period - Wrist shot by Ryan Kesler.
3:31 of 3rd period - Shot Misses the Net.
3:49 of 3rd period - Snap shot by Jaden Schwartz.
3:49 of 3rd period - Shot Blocked by Johnny Gaudreau.
3:51 of 3rd period - Snap shot by Ryan Kesler.
3:51 of 3rd period - Stopped by Tuukka Rask without a rebound.
3:52 of 3rd period - Andy Miele wins face-off versus Derek Roy in Blackhawks zone.
4:03 of 3rd period - Slapshot by Jay Bouwmeester.
4:03 of 3rd period - Deflect By Corey Perry.
4:03 of 3rd period - Stopped by Jaroslav Halak without a rebound.
4:04 of 3rd period - Derek Roy wins face-off versus Andy Miele in Predators zone.
4:11 of 3rd period - Backhand shot by Corey Perry.
4:11 of 3rd period - Shot Blocked by Denis Grebeshkov.
5:09 of 3rd period - Snap shot by Chris Higgins.
5:09 of 3rd period - Shot Blocked by Jay Bouwmeester.
5:35 of 3rd period - Shane O'Brien is hit by John Moore and loses puck.
5:40 of 3rd period - Wrist shot by Mark Pysyk.
5:40 of 3rd period - Shot Blocked by Derek Roy.
5:58 of 3rd period - James Wright is hit by Brad Boyes and loses puck.
6:11 of 3rd period - Chris Higgins is hit by Corey Perry and loses puck.
6:48 of 3rd period - Matthew Spiller is hit by Mark Pysyk and loses puck.
7:13 of 3rd period - Jay Bouwmeester is hit by Brad Boyes and loses puck.
7:23 of 3rd period - Icing by John Moore.
7:24 of 3rd period - Andy Miele wins face-off versus Derek Roy in Predators zone.
7:24 of 3rd period - Andy Miele is hit by Corey Perry.
7:36 of 3rd period - Andy Miele is hit by Alexander Frolov.
7:40 of 3rd period - Andy Miele is hit by James Wright and loses puck.
8:14 of 3rd period - Snap shot by Chris Higgins.
8:14 of 3rd period - Stopped by Tuukka Rask without a rebound.
8:15 of 3rd period - Derek Roy wins face-off versus Scott Laughton in Blackhawks zone.
8:15 of 3rd period - Derek Roy is hit by John Moore.
9:06 of 3rd period - Slapshot by Alexander Ovechkin.
9:06 of 3rd period - Stopped by Tuukka Rask with a rebound.
9:08 of 3rd period - Slapshot by John Moore.
9:08 of 3rd period - Shot Blocked by Jamie McBain.
9:10 of 3rd period - Slapshot by Denis Grebeshkov.
9:10 of 3rd period - Stopped by Tuukka Rask without a rebound.
9:11 of 3rd period - Andy Miele wins face-off versus Derek Roy in Blackhawks zone.
9:20 of 3rd period - Wrist shot by Andy Miele.
9:20 of 3rd period - Shot Misses the Net.
10:23 of 3rd period - Icing by Justin Faulk.
10:24 of 3rd period - Derek Roy wins face-off versus Scott Laughton in Predators zone.
10:33 of 3rd period - Slapshot by Corey Perry.
10:33 of 3rd period - Stopped by Jaroslav Halak without a rebound.
10:34 of 3rd period - Jordan Staal wins face-off versus Mikael Granlund in Predators zone.
11:01 of 3rd period - Brendan Gallagher is hit by Antoine Roussel.
12:14 of 3rd period - Slapshot by Antoine Roussel.
12:14 of 3rd period - Shot Misses the Net.
12:16 of 3rd period - Slapshot by Corey Perry.
12:16 of 3rd period - Stopped by Jaroslav Halak without a rebound.
12:17 of 3rd period - Alexander Ovechkin wins face-off versus Jordan Staal in Predators zone.
12:17 of 3rd period - Alexander Ovechkin is hit by Jordan Staal.
12:47 of 3rd period - Snap shot by Derek Roy.
12:47 of 3rd period - Goal by Derek Roy - Predators : 1 - Blackhawks : 3.
12:48 of 3rd period - Andy Miele wins face-off versus Jordan Staal in neutral zone.
12:56 of 3rd period - Snap shot by Johnny Gaudreau.
12:56 of 3rd period - Shot Misses the Net.
13:10 of 3rd period - Minor Penalty to Johnny Gaudreau for Holding.
13:11 of 3rd period - Andy Miele wins face-off versus Jakob Silfverberg in Blackhawks zone.
14:09 of 3rd period - Slapshot by Jamie McBain.
14:09 of 3rd period - Stopped by Jaroslav Halak without a rebound.
14:10 of 3rd period - Ryan Kesler wins face-off versus Derek Roy in Predators zone.
15:10 of 3rd period - Penalty to Johnny Gaudreau is over, Johnny Gaudreau is back on ice.
15:27 of 3rd period - Snap shot by Antoine Roussel.
15:27 of 3rd period - Shot Misses the Net.
15:29 of 3rd period - Backhand shot by Jay Bouwmeester.
15:29 of 3rd period - Stopped by Jaroslav Halak with a rebound.
16:21 of 3rd period - Snap shot by Ryan Kesler.
16:21 of 3rd period - Shot Misses the Net.
16:37 of 3rd period - Backhand shot by James Wright.
16:37 of 3rd period - Stopped by Jaroslav Halak with a rebound.
16:39 of 3rd period - Wrist shot by Alexander Frolov.
16:39 of 3rd period - Shot Misses the Net.
16:41 of 3rd period - Wrist shot by Blake Wheeler.
16:41 of 3rd period - Deflect By Mikael Granlund.
16:41 of 3rd period - Shot Blocked by Andy Miele.
16:41 of 3rd period - Puck is out of play.
16:42 of 3rd period - Jack Eichel wins face-off versus Jordan Staal in Predators zone.
16:42 of 3rd period - Jack Eichel is hit by Calvin de Haan.
17:16 of 3rd period - Wrist shot by Alexander Frolov.
17:16 of 3rd period - Deflect By James Wright.
17:16 of 3rd period - Stopped by Jaroslav Halak with a rebound.
19:21 of 3rd period - Icing by Raphael Diaz.
19:22 of 3rd period - Brad Boyes wins face-off versus Jordan Staal in Blackhawks zone.
Goals for this period are 0 for Predators vs 1 for Blackhawks.
Shots for this period are 4 for Predators vs 8 for Blackhawks.